 Dungeon Crawl Stone Soup version 0.29.1-12-g30fa7ad0bf (webtiles) character file.

Game seed: 18098547503615389420

211822 112233 the Slayer (level 20, -16/169 HPs)
             Began as a Djinni Conjurer on Dec 27, 2022.
             Was the Champion of Makhleb.
             Demolished by a nagaraja
             ... wielding a +2 flail of draining
              (43 damage)
             ... on level 4 of the Snake Pit.
             The game lasted 01:35:22 (52832 turns).

112233 the Slayer (Djinni Conjurer)                Turns: 52832, Time: 01:35:23

Health: -16/169    AC: 12    Str:  8    XL:     20   Next: 8%
Gold:   1487       EV: 18    Int: 48    God:    Makhleb [******] SH:  0 Dex: 10

rFire   + + +      SeeInvis .   H - +8 Vampire's Tooth {vamp}
rCold   . . .      Faith    .   (no shield)
rNeg    + . .      Spirit   .   P - +4 robe "Poschet" {+Inv rF+ Str+3}
rPois   ∞          Reflect  .   (helmet restricted)
rElec   +          Harm     .   R - +2 cloak {rCorr}
rCorr   +          Rampage  .   y - +0 pair of gloves
Will    ++...      Clarity  +   (boots unavailable)
Stlth   +.........              Y - amulet of Urill {Acrobat rElec rC+ Dex+2 Slay+2}
HPRegen 0.38/turn               j - +6 ring of intelligence
MPRegen 0.00/turn               p - ring "Hager" {rPois rN+ Int+9 Dex-3 Stlth-}

@: about to teleport, death channelling, flying, unable to drink
A: sickness immunity, fire resistance 2, cold vulnerability 1, float, innate
caster, HP casting, extra vitality 1, horns 1, iridescent scales 1, clarity,
clever 1, inability to drink after injury 1, MP-powered wands
a: Renounce Religion, Evoke Invisibility, Minor Destruction, Lesser Servant of
Makhleb, Major Destruction, Greater Servant of Makhleb


You were on level 4 of the Snake Pit.
You worshipped Makhleb.
Makhleb was exalted by your worship.
You visited 6 branches of the dungeon, and saw 30 of its levels.
You also visited: Gauntlet.

You collected 5512 gold pieces.
You spent 4025 gold pieces at shops.

Inventory:

Hand Weapons
 H - the +8 Vampire's Tooth (weapon) {vamp}
   (You found it in a Gauntlet)

   It occasionally heals its wielder for the full amount of damage dealt when it
   wounds a living foe.
Missiles
 L - 3 throwing nets
Armour
 q - the +2 ring mail of Niky {rF+ Regen+ rCorr}
   (You found it on level 1 of the Snake Pit)

   rF:        It protects you from fire.
   Regen:     It increases your rate of health regeneration.
   rCorr:     It protects you from acid and corrosion.
 s - the +1 scale mail of Distant Shores {rElec Int+6 Dex+3}
   (You took it off a deep elf master archer on level 3 of the Elven Halls)

   Int:       It affects your intelligence (+6).
   Dex:       It affects your dexterity (+3).
   rElec:     It insulates you from electricity.
 y - a +0 pair of gloves (worn)
 O - a +2 buckler of protection
 P - the +4 robe "Poschet" (worn) {+Inv rF+ Str+3}
   (You bought it in a shop on level 3 of the Snake Pit)

   Str:       It affects your strength (+3).
   rF:        It protects you from fire.
   +Inv:      It lets you turn invisible.
 R - a +2 cloak of preservation (worn)
Jewellery
 j - a +6 ring of intelligence (left hand)
 p - the ring "Hager" (right hand) {rPois rN+ Int+9 Dex-3 Stlth-}
   (You bought it in a shop on level 4 of the Snake Pit)

   [ring of positive energy]

   Int:       It affects your intelligence (+9).
   Dex:       It affects your dexterity (-3).
   rPois:     It protects you from poison.
   rN:        It protects you from negative energy.
   Stlth:     It makes you less stealthy.
 F - the amulet "Kenajol" {Regen+ Str-4 Dex+3}
   (You took it off a deep elf master archer on level 3 of the Elven Halls)

   [amulet of regeneration]

   Str:       It affects your strength (-4).
   Dex:       It affects your dexterity (+3).
   Regen:     It increases your rate of health regeneration.
 Y - the amulet of Urill (around neck) {Acrobat rElec rC+ Dex+2 Slay+2}
   (You bought it in a shop on level 2 of the Orcish Mines)

   [amulet of the acrobat]

   It increases your evasion while moving and waiting.
   Dex:       It affects your dexterity (+2).
   Slay:      It affects your accuracy & damage with ranged weapons and melee
   (+2).
   rC:        It protects you from cold.
   rElec:     It insulates you from electricity.
 Z - the ring of Vafreogo {rN++ AC+4}
   (You bought it in a shop on level 2 of the Orcish Mines)

   [ring of protection]

   AC:        It affects your AC (+4).
   rN:        It greatly protects you from negative energy.
Wands
 i - a wand of flame (28)
 r - a wand of roots (17) (quivered)
 w - a wand of mindburst (53)
 E - a wand of digging (11)
 K - a wand of paralysis (17)
Scrolls
 a - 7 scrolls of identify
 c - 9 scrolls of poison
 e - 8 scrolls of teleportation
 g - 7 scrolls of vulnerability
 k - 5 scrolls of enchant armour
 l - 4 scrolls of torment
 n - 8 scrolls of butterflies
 u - 2 scrolls of summoning
 v - 5 scrolls of amnesia
 B - 6 scrolls of enchant weapon
 D - 5 scrolls of magic mapping
 G - a scroll of blinking
 N - 5 scrolls of fear
 S - a scroll of brand weapon
 U - a scroll of silence
 V - 5 scrolls of immolation
Potions
 b - 9 potions of attraction
 d - 8 potions of might
 f - 3 potions of invisibility
 h - 4 potions of lignification
 m - 7 potions of haste
 o - 13 potions of curing
 x - 3 potions of berserk rage
 z - 2 potions of magic
 A - 6 potions of flight
 C - 2 potions of mutation
 I - 2 potions of resistance
 M - a potion of brilliance
 Q - a potion of cancellation
 T - 5 potions of ambrosia
 W - 5 potions of heal wounds
 X - 6 potions of degeneration


   Skills:
 * Level 22.6 Fighting
 + Level 18.1 Dodging
 - Level 3.7 Stealth
 * Level 1.5 Shields
 + Level 15.5 Spellcasting


You couldn't memorise any spells.
You knew the following spells:

 Your Spells              Type           Power      Damage    Failure   Level
a - Iron Shot             Conj/Erth      56%        9d11      1%          6
b - Death Channel         Necr           56%        N/A       1%          6
c - Dazzling Flash        Conj/Hex       100%       N/A       0%          3
d - Fulminant Prism       Conj/Hex       56%        3d25      0%          4
e - Iskenderun's Mystic   Conj/Tloc      100%       2d19      0%          4
f - Conjure Ball Lightni  Conj/Air       56%        3x3d20    1%          6
g - Passwall              Tmut/Erth      93%        N/A       0%          2
h - Static Discharge      Conj/Air       100%       3-16/arc  0%          2
i - Passage of Golubria   Tloc           100%       N/A       0%          4
j - Olgreb's Toxic Radia  Pois           100%       N/A       0%          4
k - Magic Dart            Conj           100%       1d8       0%          1
l - Searing Ray           Conj           100%       2d8       0%          2
m - Slow                  Hex            100%       N/A       0%          1
n - Fireball              Conj/Fire      56%        3d22      1%          5
Your spell library was empty.

Dungeon Overview and Level Annotations

Branches:
Dungeon (15/15)            Temple (1/1) D:5            Lair (5/5) D:8
 Shoals (0/4) Lair:2        Snake (4/4) Lair:2        Slime (0/5) Lair:4
    Orc (2/2) D:10            Elf (3/3) Orc:2        Vaults (0/5) D:13
 Depths (0/4) D:15        Gauntlet (visited)

Altars:
Ashenzari
Cheibriados
Dithmenos
Elyvilon
Fedhas
Gozag
Hepliaklqana
Makhleb
Nemelex Xobeh
Okawaru
Qazlal
Ru
Trog
Uskayaw
Wu Jian
Xom
Yredelemnul
Zin
The Shining One

Shops:
D:5 !   D:12 *   Orc:2 !:?=!   Elf:1 [   Snake:3 [[   Snake:4 :==

Annotations:
D:3 exclusions: downstairs and upstairs
D:10 exclusion: downstairs
D:11 2 transporters, exclusion: downstairs
D:13 exclusion: downstairs
Lair:4 1 runed translucent door
Elf:2 3 runed translucent doors


Innate Abilities, Weirdness & Mutations

You are immune to sickness and miasma.
You are immune to poison.
Your flesh is very heat resistant. (rF++)
You are vulnerable to cold. (rC-)
You float through the air rather than walking.
You learn spells naturally, not from books.
Your magical power is your life essence.
You have superior vitality. (+4 MHP)
You have a pair of small horns on your head.
You are partially covered in iridescent scales. (AC +2)
You possess an exceptional clarity of mind.
Your mind is acute. (Int +4, Str/Dex -1)
You occasionally lose the ability to drink potions when taking damage.
You expend health (3 HP) to strengthen your wands.


Message History

Your spectral salamander mystic hits the nagaraja.
As you read the scroll of teleportation, it crumbles to dust.
You feel strangely unstable. The anaconda grabs you. The anaconda bites you.
* * * LOW HITPOINT WARNING * * *
The anaconda constricts you.
* * * LOW HITPOINT WARNING * * *
The anaconda misses you. The anaconda constricts you.
* * * LOW HITPOINT WARNING * * *
A naga warrior comes into view.
It is wielding a +0 long sword and wearing a +0 kite shield of protection.
Your spectral salamander mystic hits the nagaraja but does no damage.
You feel much better.
The naga no longer looks unusually strong.
The naga warrior no longer looks unusually strong.
The anaconda closely misses you. The anaconda constricts you.
The nagaraja hits you with a +2 flail of draining!!!
You feel threatened and lose the ability to drink potions!
* * * LOW HITPOINT WARNING * * *
The anaconda bites you but does no damage.
The anaconda constricts you.
* * * LOW HITPOINT WARNING * * *
The naga warrior roars a battlecry!
The naga goes into a battle-frenzy!
Your spectral salamander mystic closely misses the nagaraja.
Unknown command.
Unknown command.
Unknown command.
You cannot drink potions in your current state!
Unknown command.
Casting: Iron Shot (mildly dangerous; 1% risk of failure)
Confirm with . or Enter, or press ? or * to list all spells.
Okay, then.
Okay, then.
As you read the scroll of fear, it crumbles to dust.
You assume a fearsome visage.
The naga looks frightened!
The nagaraja resists with almost no effort.
The anaconda looks frightened!
The naga warrior resists with some effort.
The anaconda loses its grip on you.
The nagaraja hits you with a +2 flail of draining!!!
You die...

..#.......#..†..#.....#....
..#.......#))#..#..####....
..#.......#).#).#.##.#....8
..#.......#.)#..#.#....N...
..#..........#..#.#.....⌠..
..+..........#..###).)....N
'##..........#..##..N#
.............#...#Z).#
............##..@N...#
..........#####...Z.####
..........#...#...S##..###
....(.........##..##.....###
...............####........######
..................†..............
................)................
.................................
#''######........................


You could see a nagaraja (fast, strong, ally target), a naga warrior, an
anaconda (fleeing, ally target), a naga (strong, fleeing), a friendly spectral
naga warrior and a friendly spectral salamander mystic.

Vanquished Creatures
  Jorgrun (D:12)
  A deep elf blademaster (Elf:3)
  3 deep elf master archers
  Frances (D:12)
  2 nagarajas (Snake:4)
  3 deep elf sorcerers (Elf:3)
  A fire giant (D:15)
  2 deep elf elementalists (Elf:3)
  3 deep elf demonologists
  4 deep elf annihilators (Elf:3)
  Azrael (Orc:2)
  A minotaur (Gauntlet)
  7 deep elf death magi
  Snorg (D:10)
  A fire dragon (D:15)
  Harold (D:10)
  A fire dragon (shapeshifter) (D:14)
  2 deep elf high priests
  Josephine (D:13)
  6 boulder beetles
  15 hydras
  A salamander tyrant (Snake:1)
  8 centaur warriors
  13 naga warriors
  Erica (D:9)
  2 catoblepae
  8 anacondas
  14 dancing weapons
  5 two-headed ogres
  11 death yaks
  7 orc high priests
  4 naga sharpshooters
  6 shock serpents
  A sixfirhy (Gauntlet)
  2 fire crabs (shapeshifter)
  3 salamander mystics
  18 deep elf knights
  A goliath frog (Lair:5)
  8 skeletal warriors
  Amaemon (Lair:3)
  9 deep elf archers
  An orb spider (shapeshifter) (D:15)
  3 sea snakes (Snake:1)
  Pikel (D:9)
  4 naga ritualists
  10 mana vipers
  4 lindwurms (Lair:4)
  23 deep elf zephyrmancers
  A wizard (D:14)
  11 orc knights
  19 deep elf pyromancers
  A necromancer (Gauntlet)
  6 orc sorcerers
  A shining eye (shapeshifter) (Elf:3)
  3 manticores (D:12)
  An oklob plant (Lair:1)
  12 ugly things (D:15)
  2 cyclopes (D:14)
  7 salamanders
  A manticore (shapeshifter) (Elf:1)
  32 black mambas
  11 elephants
  16 naga magi
  A torpor snail (Gauntlet)
  A guardian serpent (Snake:4)
  An orange demon (Lair:3)
  16 cane toads
  Psyche (D:11)
  A gargoyle (D:11)
  4 komodo dragons
  2 rime drakes
  2 kobold demonologists (D:12)
  2 efreet
  A freezing wraith (D:14)
  2 merfolk (Lair:2)
  A queen bee (D:12)
  3 meliai (D:12)
  3 polar bears
  11 trolls
  29 blink frogs
  A hornet (shapeshifter) (D:15)
  12 slime creatures
  3 tyrant leeches (Lair:5)
  A hornet (D:9)
  11 dream sheep
  A jumping spider (shapeshifter) (D:14)
  Sigmund (D:3)
  2 air elementals
  39 yaks
  3 shadows
  A vampire (D:13)
  5 water elementals
  6 wyverns
  8 wraiths
  7 basilisks
  6 fire elementals
  11 vampire mosquitoes
  Menkaure (D:4)
  A two-headed ogre zombie (D:10)
  32 nagas
  4 wargs
  2 acid dragons
  15 water moccasins
  A hell hound (Orc:2)
  3 black bears
  28 orc warriors
  An ice beast (D:6)
  A sky beast (D:7)
  7 ogres
  14 centaurs
  35 wolves
  4 phantoms
  4 kobold brigands
  Blork the orc (D:6)
  12 bullfrogs
  A gnoll sergeant (D:10)
  3 necrophages
  A scorpion (D:5)
  6 earth elementals
  4 wights (D:9)
  3 troll zombies (D:10)
  25 killer bees
  8 electric eels
  3 howler monkeys
  3 hounds
  A gnoll bouda (D:9)
  21 orc priests
  A jelly (D:4)
  Ijyb (D:3)
  Terence (D:2)
  5 iguanas
  24 orc wizards
  4 ogre zombies (D:10)
  25 gnolls
  6 adders
  3 shadow imps
  A white imp (D:6)
  5 ufetubi
  A worm (D:2)
  A dart slug (D:2)
  77 orcs
  4 ball pythons
  4 endoplasms
  3 giant cockroaches
  4 goblins
  8 hobgoblins
  2 jackals (D:1)
  16 kobolds
  5 quokkas
  A training dummy (Elf:2)
  2 bats (D:3)
  5 frilled lizards
  6 goblin zombies (D:10)
  2 hobgoblin zombies (D:10)
  3 orc skeletons (D:10)
  14 orc zombies (D:10)
  6 rats
1035 creatures vanquished.

Vanquished Creatures (collateral kills)
  A deep elf death mage (Elf:3)
  A naga warrior (Snake:4)
  2 anacondas
  An orc high priest (Elf:1)
  A naga sharpshooter (Snake:1)
  A shock serpent (Snake:3)
  A naga ritualist (Snake:1)
  A mana viper (Snake:3)
  A salamander (Snake:1)
  5 black mambas
  A guardian serpent (Snake:1)
  4 naga magi
  A vampire mosquito (Lair:5)
  5 nagas
  3 ball lightnings
29 creatures vanquished.

Vanquished Creatures (others)
  79 ball lightnings
  155 fulminant prisms
  51 fungi
  140 plants
425 creatures vanquished.

Grand Total: 1489 creatures vanquished

Notes
Turn   | Place    | Note
-------+----------+-------------------------------------------
     0 | D:1      | 112233 the Djinni Conjurer began the quest for the Orb.
     0 | D:1      | 112233 set off with the following spells memorised: Magic
                  | Dart, Searing Ray, Dazzling Flash, Fulminant Prism,
                  | Iskenderun's Mystic Blast.
     0 | D:1      | Reached XP level 1. HP: 15/15 MP: 0/0
   370 | D:1      | Reached XP level 2. HP: 21/22 MP: 0/0
   480 | D:2      | Reached skill level 1 in Fighting
   543 | D:2      | Found a shimmering altar of Xom.
   612 | D:2      | Reached XP level 3. HP: 22/27 MP: 0/0
   612 | D:2      | Learned a level 1 spell: Slow
  1504 | D:2      | Reached XP level 4. HP: 30/33 MP: 0/0
  1654 | D:2      | Noticed Terence
  1743 | D:3      | Reached skill level 2 in Fighting
  1801 | D:3      | Noticed Ijyb
  1830 | D:4      | Noticed Menkaure
  2127 | D:4      | Found a glowing golden altar of the Shining One.
  2361 | D:4      | Noticed an ogre
  2786 | D:3      | Reached XP level 5. HP: 38/39 MP: 0/0
  2786 | D:3      | Learned a level 2 spell: Passwall
  2836 | D:3      | Killed Ijyb
  3382 | D:3      | Noticed Sigmund
  3387 | D:3      | Killed Sigmund
  3388 | D:3      | Reached skill level 3 in Fighting
  3388 | D:3      | Reached XP level 6. HP: 38/46 MP: 0/0
  3878 | D:2      | Killed Terence
  4178 | D:4      | Killed Menkaure
  4179 | D:4      | Reached skill level 4 in Fighting
  4179 | D:4      | Reached XP level 7. HP: 45/52 MP: 0/0
  4179 | D:4      | Learned a level 2 spell: Static Discharge
  4256 | D:4      | Reached skill level 5 in Spellcasting
  4511 | D:4      | Reached XP level 8. HP: 54/58 MP: 0/0
  4533 | D:4      | Reached skill level 5 in Fighting
  4541 | D:4      | Gained mutation: You possess an exceptional clarity of
                  | mind. [potion of mutation]
  4541 | D:4      | Gained mutation: You do not regenerate when monsters are
                  | visible. [potion of mutation]
  4541 | D:4      | Gained mutation: Your body sometimes deteriorates upon
                  | taking damage. [potion of mutation]
  5269 | D:5      | Entered Level 5 of the Dungeon
  6101 | D:4      | Reached skill level 5 in Dodging
  6711 | D:5      | Found a staircase to the Ecumenical Temple.
  6728 | D:5      | Found a snail-covered altar of Cheibriados.
  6781 | Temple   | Entered the Ecumenical Temple
  6791 | Temple   | Became a worshipper of Makhleb the Destroyer
  6867 | D:5      | Reached skill level 6 in Fighting
  7164 | D:5      | Found Piri's Distillery.
  7172 | D:5      | Bought a potion of heal wounds for 65 gold pieces
  7421 | D:6      | Noticed Blork the orc
  7428 | D:6      | Killed Blork the orc
  7602 | D:6      | Reached XP level 9. HP: 56/67 MP: 0/0
  7602 | D:6      | Learned a level 4 spell: Passage of Golubria
  7612 | D:6      | Reached skill level 7 in Fighting
  8602 | D:6      | Reached * piety under Makhleb
  9232 | D:7      | Reached skill level 8 in Fighting
  9337 | D:7      | Identified the +6 chain mail of the Falcon {Harm Str+4
                  | Int+2}
  9448 | D:7      | Reached XP level 10. HP: 53/76 MP: 0/0
  9638 | D:7      | Identified the +5 mace of Qazlal's Delight {venom, Int+3}
 10607 | D:8      | Reached skill level 9 in Fighting
 10609 | D:8      | Reached ** piety under Makhleb
 11062 | D:8      | Found a staircase to the Lair.
 11850 | D:9      | Noticed a two-headed ogre
 11856 | D:9      | Killed a two-headed ogre
 12184 | D:9      | Noticed Pikel
 12189 | D:9      | Reached XP level 11. HP: 60/85 MP: 0/0
 12189 | D:9      | Learned a level 4 spell: Olgreb's Toxic Radiance
 12193 | D:9      | Killed Pikel
 12194 | D:9      | Reached skill level 10 in Fighting
 12211 | D:9      | Reached *** piety under Makhleb
 12221 | D:9      | Noticed Erica
 12244 | D:9      | Killed Erica
 12986 | D:10     | Entered Level 10 of the Dungeon
 13539 | D:10     | Identified the +5 short sword of Doom {flame, Will+ rCorr
                  | Str-4}
 13592 | D:10     | Noticed Harold
 13608 | D:10     | Killed Harold
 13945 | D:10     | Identified the +0 robe of Panentheism {+Blink rF- Str-4
                  | Archmagi}
 14175 | D:10     | Found a staircase to the Orcish Mines.
 14487 | D:10     | Noticed Snorg
 14507 | D:10     | Killed Snorg
 14508 | D:10     | Reached skill level 11 in Fighting
 14858 | D:10     | Found a blossoming altar of Fedhas.
 14887 | D:10     | Found a shadowy altar of Dithmenos.
 15008 | D:10     | Reached **** piety under Makhleb
 15363 | D:11     | Noticed a six-headed hydra
 15371 | D:11     | Killed a six-headed hydra
 15389 | D:11     | Noticed a boulder beetle
 15464 | D:11     | Noticed Psyche
 15470 | D:11     | Killed Psyche
 15888 | Orc:1    | Entered Level 1 of the Orcish Mines
 15901 | Orc:1    | Reached XP level 12. HP: 60/94 MP: 0/0
 16387 | Orc:1    | Noticed an orc high priest
 16395 | Orc:1    | Killed an orc high priest
 16852 | D:11     | Reached skill level 12 in Fighting
 16870 | D:11     | Killed a boulder beetle
 16871 | D:11     | Reached skill level 10 in Spellcasting
 17440 | D:11     | Noticed a five-headed hydra
 17444 | D:11     | Found a transporter.
 17448 | D:11     | Noticed a death knight
 17552 | D:11     | Noticed a two-headed ogre
 17560 | D:11     | Killed a two-headed ogre
 17692 | D:11     | Found a glowing golden altar of the Shining One.
 17876 | D:11     | Found a transporter.
 18376 | D:11     | Identified the +10 war axe of the New World {freeze, Str+7
                  | Dex+5 Stlth-}
 18873 | D:12     | Reached skill level 10 in Dodging
 19309 | D:12     | Noticed a skeletal warrior
 19310 | D:12     | Noticed a skeletal warrior
 19312 | D:12     | Noticed a skeletal warrior
 19313 | D:12     | Noticed a five-headed hydra
 19314 | D:12     | Noticed a centaur warrior
 19318 | D:12     | Noticed a skeletal warrior
 19322 | D:12     | Killed a skeletal warrior
 19322 | D:12     | Killed a skeletal warrior
 19322 | D:12     | Killed a skeletal warrior
 19324 | D:12     | Noticed Jorgrun
 19655 | D:12     | Noticed a two-headed ogre
 19664 | D:12     | Killed a two-headed ogre
 19670 | D:12     | Noticed Frances
 19692 | D:12     | Killed Frances
 19693 | D:12     | Reached skill level 13 in Fighting
 19693 | D:12     | Reached XP level 13. HP: 56/103 MP: 0/0
 19693 | D:12     | Learned a level 5 spell: Fireball
 19913 | D:12     | Found Fairphoo's Fire Supplies.
 19980 | D:12     | HP: 5/103 [constriction (10)]
 19982 | D:12     | Killed Jorgrun
 20870 | D:12     | Killed a centaur warrior
 21433 | D:12     | Killed a five-headed hydra
 22667 | D:12     | Noticed a boulder beetle
 22681 | D:12     | Killed a boulder beetle
 22900 | D:12     | Reached skill level 14 in Fighting
 23832 | Orc:2    | Entered Level 2 of the Orcish Mines
 23843 | Orc:2    | Reached ***** piety under Makhleb
 24273 | Orc:2    | Reached XP level 14. HP: 95/112 MP: 0/0
 24355 | Orc:2    | Found Unyreh's Distillery.
 24362 | Orc:2    | Bought a potion of heal wounds for 60 gold pieces
 24362 | Orc:2    | Bought a potion of degeneration for 12 gold pieces
 24362 | Orc:2    | Bought a potion of heal wounds for 60 gold pieces
 24362 | Orc:2    | Bought a potion of haste for 120 gold pieces
 25219 | Orc:2    | Found Haulos's Jewellery Shoppe.
 25219 | Orc:2    | Found Cazich's Magic Scroll Shop.
 25221 | Orc:2    | Found Kawisk's Book Shoppe.
 25221 | Orc:2    | Found Plog's Distillery.
 25233 | Orc:2    | Bought a scroll of teleportation for 45 gold pieces
 25233 | Orc:2    | Bought a scroll of blinking for 112 gold pieces
 25233 | Orc:2    | Bought a scroll of identify for 30 gold pieces
 25234 | Orc:2    | Bought a scroll of identify for 30 gold pieces
 25234 | Orc:2    | Bought a scroll of identify for 30 gold pieces
 25234 | Orc:2    | Bought a scroll of identify for 30 gold pieces
 25236 | Orc:2    | Identified 2 scrolls of acquirement
 25341 | Orc:2    | Acquired 1144 gold pieces
 25343 | Orc:2    | Acquired 1175 gold pieces
 25349 | Orc:2    | Bought a potion of curing for 45 gold pieces
 25349 | Orc:2    | Bought a potion of might for 60 gold pieces
 25349 | Orc:2    | Bought a potion of berserk rage for 75 gold pieces
 25349 | Orc:2    | Bought 2 potions of haste for 300 gold pieces
 25349 | Orc:2    | Bought a potion of mutation for 120 gold pieces
 25349 | Orc:2    | Bought a potion of mutation for 120 gold pieces
 25354 | Orc:2    | Bought the amulet of Urill {Acrobat rElec rC+ Dex+2 Slay+2}
                  | for 1017 gold pieces
 25354 | Orc:2    | Bought the ring of Vafreogo {rN++ AC+4} for 856 gold pieces
 25362 | Orc:2    | Lost mutation: You possess an exceptional clarity of mind.
                  | [potion of mutation]
 25362 | Orc:2    | Lost mutation: You do not regenerate when monsters are
                  | visible. [potion of mutation]
 25362 | Orc:2    | Gained mutation: You possess an exceptional clarity of
                  | mind. [potion of mutation]
 25362 | Orc:2    | Gained mutation: You are covered in fur. (AC +1) [potion of
                  | mutation]
 25362 | Orc:2    | Gained mutation: You expend health (3 HP) to strengthen
                  | your wands. [potion of mutation]
 25363 | Orc:2    | Lost mutation: You are covered in fur. (AC +1) [potion of
                  | mutation]
 25363 | Orc:2    | Lost mutation: Your body sometimes deteriorates upon taking
                  | damage. [potion of mutation]
 25363 | Orc:2    | Gained mutation: You have hidden genetic potential. [potion
                  | of mutation]
 25363 | Orc:2    | Gained mutation: You occasionally lose the ability to drink
                  | potions when taking damage. [potion of mutation]
 25363 | Orc:2    | Gained mutation: Your mind is acute. (Int +4, Str/Dex -1)
                  | [potion of mutation]
 25416 | Orc:2    | Reached skill level 15 in Fighting
 25421 | Orc:2    | Noticed Azrael
 25430 | Orc:2    | Killed Azrael
 25728 | Orc:2    | Found a staircase to the Elven Halls.
 26108 | D:13     | Noticed Josephine
 26111 | D:13     | Killed Josephine
 26461 | D:13     | Found a gate to the Vaults.
 26527 | D:13     | Reached ****** piety under Makhleb
 28142 | D:14     | Reached skill level 16 in Fighting
 28433 | D:14     | Reached XP level 15. HP: 106/121 MP: 0/0
 28433 | D:14     | Learned a level 6 spell: Conjure Ball Lightning
 28611 | D:14     | Found a white marble altar of Elyvilon.
 29525 | D:15     | Entered Level 15 of the Dungeon
 29563 | D:15     | Gained mutation: You are partially covered in iridescent
                  | scales. (AC +2) [hidden potential]
 30194 | D:15     | Found a staircase to the Depths.
 30244 | D:15     | Noticed a fire giant
 30251 | D:15     | Killed a fire giant
 30622 | D:15     | Reached skill level 17 in Fighting
 31314 | Lair:1   | Entered Level 1 of the Lair of Beasts
 33017 | Lair:2   | Reached XP level 16. HP: 109/131 MP: 0/0
 33641 | Lair:2   | Found a staircase to the Snake Pit.
 33840 | Lair:2   | Found a staircase to the Shoals.
 34270 | Lair:3   | Gained mutation: You have a pair of small horns on your
                  | head. [hidden potential]
 34270 | Lair:3   | Lost mutation: You have hidden genetic potential. [hidden
                  | potential expressed]
 34454 | Lair:3   | Found a gate leading to a gauntlet.
 34463 | Gauntlet | Entered a Gauntlet
 34463 | Gauntlet | Found a transporter.
 34463 | Gauntlet | Found a transporter.
 34468 | Gauntlet | Found a transporter.
 34468 | Gauntlet | Found a transporter.
 34482 | Gauntlet | Found a transporter.
 34497 | Gauntlet | Found a transporter.
 34501 | Gauntlet | Found a transporter.
 34501 | Gauntlet | Found a transporter.
 34505 | Gauntlet | Found a transporter.
 34532 | Gauntlet | Found a transporter.
 34539 | Gauntlet | Found a transporter.
 34559 | Gauntlet | Found a transporter.
 34593 | Gauntlet | Found a transporter.
 34609 | Gauntlet | Found the +8 Vampire's Tooth {vamp}
 34611 | Gauntlet | Found a transporter.
 34711 | Gauntlet | Found a transporter.
 34725 | Gauntlet | Found a transporter.
 34893 | Gauntlet | Reached skill level 18 in Fighting
 35197 | Gauntlet | Identified the amulet "Rovor" {RegenMP SInv}
 35225 | Gauntlet | Found the +3 pair of mountain boots {steadfast, rC+}
 35490 | Lair:3   | Noticed Amaemon
 35499 | Lair:3   | Killed Amaemon
 36464 | Lair:4   | Identified the +4 great sword "Goblinbane" {flame, Fragile
                  | rN+++ Str+3 Int-4}
 36779 | Lair:4   | Found a runed translucent door.
 36799 | Lair:4   | Reached skill level 15 in Dodging
 37032 | Lair:4   | Found a staircase to the Slime Pits.
 37062 | Lair:5   | Entered Level 5 of the Lair of Beasts
 37096 | Lair:5   | Reached skill level 19 in Fighting
 37231 | Lair:5   | Reached XP level 17. HP: 96/141 MP: 0/0
 37231 | Lair:5   | Learned a level 6 spell: Death Channel
 38549 | Elf:1    | Entered Level 1 of the Elven Halls
 40888 | Elf:1    | Reached skill level 20 in Fighting
 41000 | Elf:1    | Found Cienn's Antique Armour Boutique.
 41853 | Elf:2    | Reached XP level 18. HP: 148/150 MP: 0/0
 42052 | Elf:2    | Found a runed translucent gate.
 42052 | Elf:2    | Found a runed translucent gate.
 42089 | Elf:2    | Found a runed translucent gate.
 42507 | Elf:2    | Noticed a deep elf master archer
 42516 | Elf:2    | Killed a deep elf master archer
 43015 | Elf:3    | Entered Level 3 of the Elven Halls
 43016 | Elf:3    | Paralysed by an air elemental for 1 turns
 43762 | Elf:3    | Reached skill level 21 in Fighting
 43978 | Elf:3    | Noticed a deep elf blademaster
 43978 | Elf:3    | Noticed a deep elf master archer
 43978 | Elf:3    | Noticed a deep elf master archer
 43978 | Elf:3    | Noticed a deep elf blademaster
 43979 | Elf:3    | Noticed a deep elf master archer
 43982 | Elf:3    | Noticed a deep elf master archer
 44435 | Elf:3    | Identified the +8 war axe of the Rotten God {flame, Fly
                  | rPois rC+ SInv}
 44500 | Elf:3    | Killed a deep elf blademaster
 44684 | Elf:3    | Identified the +1 scale mail of Distant Shores {rElec Int+6
                  | Dex+3}
 44684 | Elf:3    | Identified the amulet "Kenajol" {Regen+ Str-4 Dex+3}
 44688 | Elf:3    | Killed a deep elf master archer
 45016 | Elf:3    | Identified the ring of Xusmov {*Slow Fly rC+ Str+2}
 45473 | Elf:3    | Killed a deep elf master archer
 46091 | Snake:1  | Entered Level 1 of the Snake Pit
 46105 | Snake:1  | Reached skill level 15 in Spellcasting
 46145 | Snake:1  | Identified the +2 ring mail of Niky {rF+ Regen+ rCorr}
 46522 | Snake:1  | Reached XP level 19. HP: 131/159 MP: 0/0
 46522 | Snake:1  | Learned a level 6 spell: Iron Shot
 47791 | Snake:1  | You are sucked into a shaft and drop 1 floor!
 48317 | Snake:1  | Reached skill level 22 in Fighting
 51526 | Snake:3  | Found Sotzaxt's Armour Emporium.
 51526 | Snake:3  | Found Saeha's Antique Armour Shoppe.
 51545 | Snake:3  | Bought a sheer robe for 245 gold pieces
 51545 | Snake:3  | Identified the +4 robe "Poschet" {+Inv rF+ Str+3} (You
                  | bought it in a shop on level 3 of the Snake Pit)
 51930 | Snake:4  | Entered Level 4 of the Snake Pit
 52568 | Snake:4  | Found Hoiff's Jewellery Emporium.
 52570 | Snake:4  | Found Xarazaaz's Book Shop.
 52571 | Snake:4  | Found Semurom's Jewellery Emporium.
 52581 | Snake:4  | Bought the ring "Hager" {rPois rN+ Int+9 Dex-3 Stlth-} for
                  | 593 gold pieces
 52669 | Snake:4  | Reached XP level 20. HP: 138/169 MP: 0/0
 52812 | Snake:4  | Reached skill level 1 in Shields
 52832 | Snake:4  | Demolished by a nagaraja

Illustrated notes

Levels and vault maps discovered:
D:1:      amcnicky_arrival_feature_with_door, layout_rooms
D:2:      layout_basic, basic_altar, uniq_terence
D:3:      layout_basic, mainiacjoe_overflow_alcove_2, bh_walls_and_bars,
          uniq_sigmund, uniq_ijyb
D:4:      layout_cave_pools, lemuel_doored_altar, uniq_menkaure
D:5:      layout_gridville, cheibriados_altar_1, minmay_temple_entry_slanted,
          serial_shops, nicolae_shop_trees, chequers_serial_rivers_marsh
D:6:      layout_cave_pods, minmay_circle_x, uniq_blork_the_orc
D:7:      layout_loops_ring
D:8:      layout_rooms, erik_lair_island, lightli_ossuary_entry_decrepit_ruins,
          kennysheep_small_spiral
D:9:      nicolae_cairo_tiling_large_dashed, layout_grid_maze, uniq_erica,
          uniq_pikel
D:10:     layout_loops_ring, mainiacjoe_overflow_chevrons, fedhas_altar_1,
          zombieorc2_lemuel, uniq_snorg, uniq_harold
D:11:     layout_layer_cave, nzn_ghost_randoct, kennysheep_another_room,
          tso_metal_star, uniq_psyche
D:12:     minmay_slanted_spiral_squares, layout_basic, special_room
          [special_room_bee], nicolae_shop_fire_sale [nicolae_sub_dead_trees],
          minmay_variable_closet, uniq_jorgrun, uniq_frances
D:13:     layout_roguey [special_room_orc], david_vaults_1, chequers_big_river,
          uniq_josephine
D:14:     layout_cave_pools, elyvilon_altar_5
D:15:     grunt_enter_depths_giant_problem, layout_grid_maze,
          chequers_serial_rivers_micro_b
Temple:   sentei_temple_godly_chess
Lair:1:   hellmonk_ruined_rings, layout_big_grid, nzn_sisyphean_effort,
          lemuel_fruit_tree
Lair:2:   layout_long_grid, elwin_shoals_entry_rooms,
          minmay_snake_entry_six_corridors, grunt_megastairs_5
Lair:3:   layout_roguey, gauntlet_entry_generic, uniq_amaemon
Lair:4:   layout_long_grid, slime_entry_2, lookout_lair_type,
          serial_bayou_pond_c, minmay_lindwurm_lava
Lair:5:   minmay_lair_end_frog_pond, layout_small_grid
Snake:1:  layout_onion_interference, guppyfry_snake_island
Snake:2:  layout_honeycomb
Snake:3:  cheibrodos_forgotten_conduit, layout_basic, minmay_shoptagon
Snake:4:  grunt_snake_rune_serpentine_throne, layout_cave_town,
          grunt_ministairs_9, st_stairs_5, minmay_shop_grove
Orc:1:    layout_caves, mines1_david
Orc:2:    grunt_orc_tribal_feast, layout_caves, serial_shops,
          nicolae_diamond_shop, uniq_azrael
Elf:1:    nicolae_elf_arrival_no_cutting_in_line, layout_loops_cross,
          serial_shops, shop, evilmike_minifort, nicolae_elf_theology_debate
Elf:2:    elven_hall_of_blades_hangedman_original
          [nicolae_blade_entry_area_security], layout_loops_corners,
          dk_noncrumbling_3, nicolae_elf_archery_training
Elf:3:    minmay_elf_hall_statues, layout_loops_corners

Skill      XL: |  1  2  3  4  5  6  7  8  9 10 11 12 13 14 15 16 17 18 19 20 |
---------------+-------------------------------------------------------------+-----
Fighting       | 1 2 3 4 6 8 9 11 13 14 16 17 19 20 21 22 | 22.6
Dodging        | 3 4 5 6 8 9 10 11 12 14 15 16 17 18 | 18.1
Spellcasting   | 4 5 6 7 8 9 10 11 12 13 14 15 | 15.5
Stealth        | 3 |  3.7
Shields        | 1 |  1.5

Action                   |  1- 3 |  4- 6 |  7- 9 | 10-12 | 13-15 | 16-18 | 19-21 || total
-------------------------+-------+-------+-------+-------+-------+-------+-------++-------
Melee: Unarmed           |       |       |     2 |       |       |       |       ||     2
       War axe           |       |       |       |       |     4 |     4 |       ||     8
       Quick blade       |       |       |       |       |       |    52 |     6 ||    58
       Headbutt          |       |       |       |       |       |    20 |     2 ||    22
       Punch             |       |       |       |       |       |     2 |       ||     2
 Cast: Magic Dart        |    67 |    46 |    99 |   177 |    34 |       |       ||   423
       Searing Ray       |       |    11 |    39 |   101 |    38 |       |       ||   189
       Fulminant Prism   |       |     2 |     4 |    52 |    85 |    13 |       ||   156
       Iskenderun's Myst |       |       |    27 |    53 |    89 |   137 |       ||   306
       Olgreb's Toxic Ra |       |       |       |     4 |     5 |    34 |     1 ||    44
       Passwall          |       |       |       |     1 |     1 |     1 |       ||     3
       Passage of Golubr |       |       |       |     1 |     1 |       |       ||     2
       Fireball          |       |       |       |       |   140 |   394 |    16 ||   550
       Conjure Ball Ligh |       |       |       |       |    31 |     4 |       ||    35
       Slow              |       |       |       |       |     5 |     8 |       ||    13
       Dazzling Flash    |       |       |       |       |     1 |       |     1 ||     2
       Death Channel     |       |       |       |       |       |     9 |    22 ||    31
       Iron Shot         |       |       |       |       |       |       |   214 ||   214
Evoke: Wand              |       |       |     1 |    15 |     6 |     1 |       ||    23
  Use: Potion            |       |       |     7 |       |     5 |     5 |     1 ||    18
       Scroll            |       |       |     1 |     3 |    11 |    12 |     2 ||    29
 Stab: Distracted        |       |       |       |       |       |     1 |       ||     1
Armor: Robe              |     2 |     3 |     2 |    15 |    23 |     9 |    27 ||    81
       Skin              |       |       |    11 |       |       |       |       ||    11
Dodge: Dodged            |     6 |     7 |    27 |    70 |   130 |   112 |   127 ||   479
